cohdb
Replays
Latest Replays
All Replays
Popular Replays
Top Player Replays
Match Explorer
How It Works
Community
CoH3 Stats
Reddit
Sign in to upload your games and track your stats! →
Sign in with Steam
Match 37953296
Unlisted
Match 37953296
Overview
Messages
Build Orders
End
Construct Weapon Support Center
Selects Armored Battlegroup
Selects Assault Engineers
Assault Engineer Squad
M1919 Machine Gun Team
Bazooka Squad
Assault Engineer Squad
Air Support Center
M1919 Machine Gun Team
Grasshopper Recon Run
P-47 Strafing Run
Assault Engineer Squad
Grasshopper Recon Run
M3 Armored Personnel Carrier
Grasshopper Recon Run
P-47 Strafing Run
Honey
khj
Super BOO
Zebra
mar14n
nhk6107
Crazy_energy
Svalbard Sleeper District
0
0
Comments
sign in to comment!
No comments posted yet!